Cogmind - Beta 10.1 @@@ ROGUE MODE // 2021.07.17 @ 15:46:11 // Winter2019/RPGLIKE Player: Farfid Result: Destroyed by YI-UF0 with YI-UF0's Doublenader Performance ------------- Evolutions (0) 0 Regions Visited (2) 400 Robots Destroyed (9) 45 Value Destroyed (145) 145 Prototype IDs (0) 0 Alien Tech Used (0) 0 Bonus (0) 0 TOTAL SCORE: 590 Bonus ------- None Cogmind --------- Core Integrity 0/700 Matter 222/300 Energy 250/250 System Corruption 0% Temperature Cool (0) Movement Rolling (80) Location -10/Mines Parts ------- > --- POWER (1) -------- Ion Engine > --- PROPULSION (2) --- Wheel Wheel > --- UTILITY (1) ------ (None) > --- WEAPON (2) ------- Assault Rifle Assault Rifle > --- INVENTORY (1) ---- (None) Peak State ------------ > --- POWER ------------ Ion Engine > --- PROPULSION ------- Wheel Wheel > --- UTILITY ---------- (None) > --- WEAPON ----------- Assault Rifle Light Assault Rifle > --- INVENTORY -------- (None) [Rating: 5] Favorites ----------- Power Ion Engine Engine Ion Engine Propulsion Wheel Wheel Wheel Utility None Weapon Assault Rifle Ballistic Gun Assault Rifle Build | -11 -10 -10 ------- Run | Scr Mat Min Slots Evolved 2 | 2 . . Power . | . . . Propulsion 1 | 1 . . Utility . | . . . Weapon 1 | 1 . . Parts Attached 6 | 5 1 . Power 1 | 1 . . Engine 1 | 1 . . Core . | . . . Reactor . | . . . Propulsion 2 | 2 . . Treads . | . . . Leg . | . . . Wheel 2 | 2 . . Hover . | . . . Flight . | . . . Utility . | . . . Device . | . . . Storage . | . . . Processor . | . . . Hackware . | . . . Protection . | . . . Artifact . | . . . Weapon 3 | 2 1 . Energy Gun . | . . . Energy Cannon . | . . . Ballistic Gun 3 | 2 1 . Ballistic Cannon . | . . . Launcher . | . . . Special Weapon . | . . . Impact Weapon . | . . . Slashing Weapon . | . . . Piercing Weapon . | . . . Special Melee Weapon . | . . . Unidentified Prototypes . | . . . Parts Lost . | . . . Power . | . . . Propulsion . | . . . Utility . | . . . Weapon . | . . . Highest Loss Streak . | . . . Average Slot Usage (%) 83 | . 83 83 Engine 16 | . 16 16 Wheel 33 | . 33 33 Ballistic Gun 33 | . 33 33 Naked Turns . | . . . Heaviest Build 9 | 8 9 9 Greatest Support 25 | 25 25 25 Greatest Overweight (x) . | . . . Average Overweight (x) . | . . . Largest Inventory Capacity 1 | 1 1 1 Average Capacity 1 | 1 1 1 Most Carried 1 | . 1 . Average Carried . | . . . Final Capacity 1 | 1 1 1 Final Carried . | . . . Class Distribution -------------------- 100% | Mutant Dominant Class ---------------- Mutant | -10/Materials Mutant | -10/Mines Resources | -11 -10 -10 ----------- Run | Scr Mat Min Matter Collected 374 | 203 135 36 Remotely . | . . . Salvage Created 243 | . 187 56 Parts 15 | . 15 . Haulers Intercepted . | . . . Recyclers Shooed . | . . . Parts Field Recycled . | . . . Retrieved Matter . | . . . Parts Self-Destructed . | . . . Prevented . | . . . Kills | -11 -10 -10 ------- Run | Scr Mat Min Combat Hostiles Destroyed 9 | . 6 3 Guns 9 | . 6 3 Classes Destroyed 3 | . 2 1 Swarmer 3 | . 3 . Grunt 3 | . 3 . Assembled 3 | . . 3 Best Kill Streak 3 | . 3 3 Combat Bots Only 3 | . 3 3 Max Kills in Single Turn 1 | . 1 1 Gunslinging . | . . . Exploded . | . . . Melee . | . . . Uniques/NPCs Destroyed . | . . . Combat | -11 -10 -10 -------- Run | Scr Mat Min Damage Taken 1015 | . 210 805 Core 822 | . 174 648 Absorbed by Shields . | . . . Redirected to Core 656 | . 122 534 Core Remaining (%) 100 | 100 . . Volleys Fired 32 | . 13 19 Largest 2 | . 2 2 Hottest 40 | . 40 40 Shots Fired 64 | . 26 38 Gun 64 | . 26 38 Cannon . | . . . Launcher . | . . . Special . | . . . Kinetic 64 | . 26 38 Thermal . | . . . Explosive . | . . . Electromagnetic . | . . . Robot Hit Streak 6 | . 6 5 Robot Miss Streak 3 | . 1 3 Penetration Max . | . . . Secondary Targets 1 | . . 1 Max Gunslinging Chain 1 | . . 1 Shots Hit Robots 39 | . 16 23 Core Hits 18 | . 8 10 Critical Hits . | . . . Critical Kills . | . . . Critical Parts Destroyed . | . . . Melee Attacks . | . . . Impact . | . . . Slashing . | . . . Piercing . | . . . Sneak Attacks . | . . . Combat Hostiles . | . . . Follow-up Attacks . | . . . Damage Inflicted 525 | . 222 303 Guns 525 | . 222 303 Cannons . | . . . Explosions . | . . . Melee . | . . . Ramming . | . . . Kinetic 525 | . 222 303 Thermal . | . . . Explosive . | . . . Electromagnetic . | . . . Impact . | . . . Slashing . | . . . Piercing . | . . . Highest Corruption . | . . . Average Corruption . | . . . Corruption Purged . | . . . Overload Shots . | . . . Overflow Damage . | . . . Projectiles . | . . . Explosions . | . . . Melee . | . . . Knockbacks . | . . . Impact . | . . . Kinetic . | . . . Secondary . | . . . Self-Inflicted Damage . | . . . Shots . | . . . Rammed . | . . . Targets Rammed . | . . . Kicked . | . . . Crushed . | . . . Highest Temperature . | . . . Average Temperature . | . . . Received Heat Transfer 102 | . 102 . Siege Activations . | . . . Robots Corrupted . | . . . Combat Hostiles . | . . . Parts Fried . | . . . Impact Corruptions . | . . . Robots Melted . | . . . Combat Hostiles . | . . . Parts Melted . | . . . Heat Transferred . | . . . Parts Sabotaged . | . . . Parts Stolen . | . . . Parts Stripped . | . . . Power Chain Reactions . | . . . Missiles Intercepted . | . . . Alert | -11 -10 -10 ------- Run | Scr Mat Min Peak Influence 210 | . 210 96 Initial 81 | . . 81 Average 78 | . 91 84 Maximum Alert Level 1 | . 1 . Low Security (%) 95 | 100 88 100 Level 1 4 | . 11 . Level 2 . | . . . Level 3 . | . . . Level 4 . | . . . Level 5 . | . . . High Security . | . . . Max Security . | . . . Squads Dispatched 1 | . 1 . Investigation . | . . . Extermination . | . . . Reinforcement 1 | . 1 . Assault . | . . . Garrison . | . . . Intercept . | . . . Construction Impeded . | . . . Haulers Reinforced . | . . . Stealth | -11 -10 -10 --------- Run | Scr Mat Min Distress Signals . | . . . Communications Jammed . | . . . Distress Signals . | . . . Times Spotted 15 | . 11 4 Peak Tracking Total 4 | . 4 3 Tactical Retreats . | . . . Traps | -11 -10 -10 ------- Run | Scr Mat Min Traps Triggered . | . . . Indirectly . | . . . Trap Hack Attempts . | . . . Triggered . | . . . Disarmed . | . . . Reprogrammed . | . . . Reused . | . . . Traps Extracted . | . . . Installed . | . . . Triggered . | . . . Machines | -11 -10 -10 ---------- Run | Scr Mat Min Machines Disabled . | . . . Max in Single Turn . | . . . Machines Sabotaged . | . . . Garrisons Compromised . | . . . Overloaded Fab Kills . | . . . Fab Network Shutdowns . | . . . Hacking | -11 -10 -10 --------- Run | Scr Mat Min Machines Accessed . | . . . Terminals . | . . . Fabricators . | . . . Repair Stations . | . . . Recycling Units . | . . . Scanalyzers . | . . . Garrison Access . | . . . Total Hacks . | . . . Successful . | . . . Failed . | . . . Catastrophic . | . . . Database Lockouts . | . . . Manual . | . . . Terminals . | . . . Fabricators . | . . . Repair Stations . | . . . Recycling Units . | . . . Scanalyzers . | . . . Garrison Access . | . . . Terminal Hacks . | . . . Fabricator Hacks . | . . . Repair Station Hacks . | . . . Recycling Unit Hacks . | . . . Scanalyzer . | . . . Garrison Access Hacks . | . . . Unauthorized Hacks . | . . . Terminals . | . . . Fabricators . | . . . Repair Stations . | . . . Recycling Units . | . . . Scanalyzers . | . . . Garrison Access . | . . . Data Cores Recovered . | . . . Used . | . . . Hacking Detections . | . . . Full Trace Events . | . . . Feedback Events . | . . . Feedback Blocked . | . . . Robot Schematics Acquired . | . . . Robots Built . | . . . Matter . | . . . Time . | . . . Total Robot Build Rating . | . . . Part Schematics Acquired . | . . . Parts Built . | . . . Matter . | . . . Time . | . . . Total Part Build Rating . | . . . Parts Repaired . | . . . Time . | . . . Parts Recycled . | . . . Recycled Matter . | . . . Retrieved Matter . | . . . Retrieved Components . | . . . Parts Scanalyzed . | . . . Part Schematics Acquired . | . . . Parts Damaged . | . . . Bothacking | -11 -10 -10 ------------ Run | Scr Mat Min Used RIF Installer . | . . . Robots Hacked . | . . . Non-combat . | . . . Combat . | . . . Robot Hacks Applied . | . . . Relay Couplers Released . | . . . Robots Rewired . | . . . Allies Hacked . | . . . Hacks Repelled . | . . . Allies | -11 -10 -10 -------- Run | Scr Mat Min Total Allies . | . . . Largest Group . | . . . Highest-Rated Group . | . . . Highest-Rated Ally . | . . . Total Orders . | . . . Ally Attacks . | . . . Total Damage . | . . . Kills . | . . . Allies Corrupted . | . . . Allies Melted . | . . . Intel | -11 -10 -10 ------- Run | Scr Mat Min Robot Analysis Total . | . . . Derelict Logs Recovered 1 | . . 1 Drone Launches . | . . . Drone Recoveries . | . . . Exploration | -11 -10 -10 ------------- Run | Scr Mat Min Turns Passed 340 | 35 136 169 Spaces Moved 218 | 36 75 107 Core 2 | 2 . . Treads . | . . . Legs . | . . . Wheels 216 | 34 75 107 Hover . | . . . Flight . | . . . Fastest Speed 50 | 50 80 80 Average Speed 79 | 78 80 80 Slowest Speed 80 | 80 80 80 Overloaded Moves . | . . . Propulsion Burnouts . | . . . Robots Hopped . | . . . Cave-ins Triggered . | . . . Exploration Rate (%) 17 | 3 28 20 Regions Visited 2 Branch Regions 1 Pre-discovered Areas . | . . . Known Exits Taken . | . . . Unknown Exits Taken 2 | 1 1 . Scrap Searched . | . . . Spaces Dug . | . . . Terrain Destroyed . | . . . Melee . | . . . Projectile . | . . . AOE . | . . . Terrain Rammed . | . . . Walls Destroyed . | . . . Machines Disabled . | . . . Actions | -11 -10 -10 --------- Run | Scr Mat Min Total 317 | 40 124 153 Wait 54 | . 27 27 Move 216 | 35 74 107 Hop . | . . . Pick Up . | . . . Fast Attach 5 | 5 . . Attach . | . . . Detach . | . . . Swap 1 | . 1 . Drop 1 | . 1 . Fire 32 | . 13 19 Melee . | . . . Ram . | . . . Kick . | . . . Crush . | . . . Escape Stasis . | . . . Rewire . | . . . Trap . | . . . Miscellaneous 8 | . 8 . Route ------- -11/Scrapyard -10/Materials -10/Mines History --------- Turn | Location | Event 1 | -11/Scrapyard | Upgraded with Propulsion slot (x1) 1 | -11/Scrapyard | Upgraded with Weapon slot (x1) 2 | -11/Scrapyard | Met Revision 17 13 | -11/Scrapyard | Discovered new exit (range 17) 36 | -11/Scrapyard | Entered Materials 92 | -10/Materials | Discovered new exit (range 12) 172 | -10/Materials | Entered Mines 189 | -10/Mines | Learned 2 Materials zone layouts 190 | -10/Mines | Assembled infested the area 195 | -10/Mines | Assisted by a Guerilla fighting off Assembled 302 | -10/Mines | Core integrity fell below 50% 317 | -10/Mines | Build established: Mutant 326 | -10/Mines | Core integrity fell below 20% 341 | -10/Mines | Destroyed by YI-UF0 with YI-UF0's Doublenader Last Messages --------------- 00161_ Used Protomatter to restore core integrity (+9, depleted) 00164_ Acquired 14 matter. LOCATION=UNKNOWN GOAL=ESCAPE 00189_ Acquired derelict log, extracted data. Data stored: Materials zone layouts (x2). 00190_ ALERT: Infestation in the mines, dispatching Demolisher response squad. 00251_ as-32971 destroyed. 00255_ Knocked back. 00260_ as-26498 destroyed. 00260_ Switching to secondary target: as-87852. 00263_ as-87852 destroyed. 00266_ Acquired 16 matter. 00267_ Acquired 14 matter. 00267_ Acquired 6 matter. 00302_ YI-UF0 mumbles something. 00303_ The unstable cave ceiling collapses. 00334_ YI-UF0 mumbles something. 00338_ The unstable cave ceiling collapses. 00339_ Destroyed Shock Absorption System. Map ----- +----------------------------------------------------+ | ???????????????????????????????? | | ???????????????????????????????? | | ???????????????????????????????? | | ???????????????????????????????? | | ???????????????????????????????? | | ???????????????????????????????? | | ???????????????????????????????? | | ???????????????????????????????? | | ???????????????????????????????? | | ????? ????????????????????????? | | ????? ????????????????????????? | | ????? ????????????????????????? | | ????? ????????????????????????? | | ????? ????????????????????????? | | ?????# #####???###?????????????? | | ?##### #### ##????????????? | | ## #????????????? | | #????????????? | | ##????????????? | | ####?????????????? | | ##????????????????? | | ########??????????? | | ## ##?????????? | | #?????????? | | # #?????????? | | @ ## ##?????????? | | # ######??????????? | | ?## ##???????????????? | | ??# ###????????????????? | | ??# #?????????????????? | | ??## # #g ###???????????????? | | ???## # # #### #???????? | | ????## % #????????? | | ?????# ## ##???????? | | ?????##?# # #######?####### | | ????????#### ###???????# | | ???????????# #?????????# | | ???###?##### #?????????# ###### | | ??## #?# #????###### #????? | | ?## ### #####????# #????? | | ?# ## #????????# ######????? | | ?# ###??????# #?????????? | | ?# """ ######## #?????????? | | ?# """ #?????????? | | ?## """ ##?????????? | | ??## ########??????????? | | ???## ##?????????????????? | | ????### ####??????????????????? | | ??????####?????????????????????? | | ???????????????????????????????? | +----------------------------------------------------+ Best States ------------- Heat Dissipation 31 Energy Generation 10 Energy Capacity 250 Matter Stores 300 Matter Capacity 300 Sight Range 17 Terrain Scan Density 10 Resistance: KI 10 Resistance: TH 10 Evasion (%) 44 Item Schematics ----------------- None Robot Schematics ------------------ None Fabricated ------------ Nothing Alien Tech Used ----------------- None Achievements -------------- None Challenges ------------ None RPGLIKE | -11 -10 -10 --------- Run | Scr Mat Min Levels Raised . | . . . XP Earned 4250 | 3000 750 500 XP Spent 2960 | 2960 . . Upgrades 13 | 13 . . Propulsion Slot 1 | 1 . . Weapon Slot 1 | 1 . . Core Integrity 2 | 2 . . Heat Dissipation 1 | 1 . . Mass Support 1 | 1 . . Inventory Capacity 1 | 1 . . Sight Range 1 | 1 . . Ranged Accuracy 1 | 1 . . KI Resistance % 2 | 2 . . TH Resistance % 2 | 2 . . Protomatter Created 49 | . 49 . Integrity Restored 145 | . 145 . Core 117 | . 117 . Parts 28 | . 28 . Protomatter Decayed 43 | . . 43 Game ------ Seed TeslaSwordRegulator Manual? 0 Play Time 00:06:24 Cumulative 606.5 hours Start 2021.07.17 @ 15:41:06 End 2021.07.17 @ 15:46:11 Sessions 1 Manual Loads 0 Difficulty Rogue Special Mode Winter2019/RPGLIKE Game No. 215 Rogue 215 Adventurer 0 Explorer 0 Win Type - Total 46 Types 26/3/7/4/3/0/2/0/1 Lore% 94 Gallery% 95 Achievement% 85 Wizard Run 0 Options --------- ASCII 0 Keyboard 0 Movement Mouse Keybinds 0 Fullscreen 2 Font 12/Smallcaps Map View 83x54 Tactical HUD 1 Map Filters NONE Filters NONE Steam X RUN: 112fb61f-eddb-4623-9d76-c64d8dfabe2c